Map: [ESL] Oceanborn

Players

Stats

  • Race: Protoss Protoss
  • Spawn Location: 11:00

Cure - Winner!

  • Race: Terran Terran
  • Spawn Location: 5:00

VOD

Have the link to the VOD?

Description

Time

  • Played on: April 4, 2024, 6:48 a.m.
  • Length: 21:29
Show
View Real Time Build Order
Export as new Build Order

Stats Protoss 

Build Orders: 1 Gate Expand, Phoenix Opening, Blink Stalkers, Carriers, Colossus Rush 

Get SALT Encoding   

  12  0:00  Probe  
  13  0:12  Probe  
  14  0:16  Pylon  
  14  0:24  Probe (Chrono Boost)  
  15  0:36  Gateway, Probe (Chrono Boost)  
  16  0:43  Probe (Chrono Boost)  
  16  0:45  Assimilator  
  17  0:51  Probe  
  18  1:03  Probe  
  19  1:18  Nexus  
  19  1:28  Cybernetics Core  
  19  1:32  Probe  
  20  1:37  Assimilator  
  20  1:44  Probe  
  20  1:47  Pylon  
  20  1:56  Probe (Chrono Boost)  
  21  2:03  Stalker (Chrono Boost)  
  21  2:07  Probe (Chrono Boost), Warp Gate  
  24  2:12  Probe (Chrono Boost)  
  25  2:24  Sentry  
  25  2:25  Probe (Chrono Boost)  
  28  2:31  Probe (Chrono Boost)  
  30  2:40  Probe x2 (Chrono Boost)  
  31  2:45  Probe (Chrono Boost)  
  31  2:47  Twilight Council, Probe  
  33  2:53  Stalker  
  33  2:55  Phoenix  
  33  2:57  Probe  
  36  2:59  Probe  
  36  3:01  Gateway  
  37  3:09  Probe (Chrono Boost)  
  39  3:16  Gateway  
  39  3:17  Probe (Chrono Boost)  
  40  3:20  Blink (Chrono Boost), Probe (Chrono Boost)  
  40  3:25  Probe x2 (Chrono Boost)  
  42  3:31  Pylon  
  42  3:38  Probe x2  
  42  3:41  Robotics Facility  
  44  3:49  Assimilator  
  44  3:50  Probe x2  
  44  3:51  Assimilator  
  44  3:52  Pylon  
  46  3:58  Stalker  
  46  3:59  Stalker  
  50  4:03  Probe  
  50  4:04  Probe  
  52  4:17  Pylon, Stalker  
  54  4:21  Probe  
  54  4:22  Probe  
  56  4:25  Stalker  
  56  4:26  Stalker  
  59  4:33  Probe  
  59  4:34  Probe  
  61  4:42  Nexus  
  61  4:45  Robotics Bay  
  61  4:51  Probe  
  61  4:52  Probe  
  63  4:54  Pylon  
  63  4:56  Observer  
  62  5:10  Probe x2  
  63  5:19  Forge  
  63  5:26  Probe x2  
  63  5:27  Pylon  
  65  5:28  Colossus (Chrono Boost)  
  65  5:30  Gateway, Charge  
  71  5:35  Protoss Ground Weapons Level 1  
  71  5:38  Probe x2  
  71  5:40  Extended Thermal Lance  
  73  5:44  Gateway  
  73  5:50  Probe  
  73  5:51  Probe  
  73  5:53  Gateway  
  73  5:55  Probe  
  76  6:00  Gateway  
  76  6:05  Shield Battery  
  76  6:08  Sentry, Shield Battery  
  78  6:13  Colossus (Chrono Boost)  
  84  6:25  Photon Cannon  
  84  6:26  Pylon  
  84  6:27  Probe x3  
  84  6:28  Stalker  
  84  6:32  Stalker  
  91  6:35  Stalker  
  93  6:42  Zealot  
  93  6:43  Zealot  
  93  6:44  Pylon  
  93  6:46  Pylon  
  97  6:48  Gateway  
  97  6:58  Zealot x4  
  103  7:03  Zealot  
  103  7:04  Zealot  
  103  7:06  Zealot  
  99  7:15  Colossus (Chrono Boost), Probe x3  
  106  7:27  Forge  
  106  7:28  Stalker x3  
  112  7:34  Gravitic Drive  
  112  7:35  Dark Shrine  
  112  7:37  Pylon  
  112  7:38  Protoss Ground Weapons Level 2 (Chrono Boost)  
  112  7:43  Pylon  
  112  7:50  Nexus  
  112  8:01  Zealot x4  
  120  8:06  Warp Prism  
  120  8:10  Stalker x2  
  126  8:19  Stalker  
  128  8:20  Stalker  
  128  8:25  Zealot x4  
  134  8:35  Protoss Ground Armor Level 1 (Chrono Boost)  
  134  8:37  Nexus  
  134  8:39  Pylon  
  134  8:44  Pylon  
  134  8:57  Probe x2, Pylon  
  134  8:58  Probe  
  134  9:01  Dark Templar x2  
  134  9:02  Shield Battery x2  
  141  9:03  Dark Templar  
  141  9:04  Zealot x3  
  147  9:16  Probe x3  
  146  9:19  Pylon  
  146  9:21  Zealot  
  146  9:22  Zealot, Pylon  
  140  9:25  Warp Prism (Chrono Boost)  
  140  9:28  Probe  
  139  9:38  Robotics Facility  
  139  9:40  Probe  
  139  9:41  Probe x2  
  139  9:45  Zealot x8  
  152  9:48  Disruptor (Chrono Boost)  
  162  10:00  Pylon  
  162  10:16  Zealot x8  
  162  10:21  Nexus  
  178  10:23  Disruptor (Chrono Boost)  
  178  10:25  Protoss Ground Weapons Level 3  
  182  10:29  Disruptor (Chrono Boost)  
  182  10:35  Protoss Ground Armor Level 2  
  186  10:39  Pylon  
  184  10:44  Pylon  
  184  10:45  Disruptor (Chrono Boost)  
  184  10:49  Pylon  
  184  10:51  Shield Battery  
  184  10:52  Photon Cannon  
  184  10:55  Disruptor (Chrono Boost)  
  184  10:59  Stargate  
  184  11:02  Gateway  
  184  11:03  Probe x2  
  184  11:04  Probe x2  
  192  11:05  Gateway  
  192  11:12  Protoss Air Weapons Level 1 (Chrono Boost)  
  192  11:16  Disruptor  
  194  11:20  Gateway  
  194  11:21  Gateway  
  184  11:28  Zealot x5  
  186  11:39  Zealot x3  
  178  11:46  Probe x4  
  178  11:47  Probe  
  177  11:51  Assimilator x2  
  177  11:53  Disruptor, Assimilator x2  
  177  11:54  Disruptor  
  171  12:09  Zealot x9  
  171  12:10  Zealot  
  171  12:13  Fleet Beacon  
  191  12:19  Cybernetics Core  
  191  12:20  Shield Battery  
  191  12:22  Photon Cannon  
  191  12:23  Assimilator  
  191  12:24  Assimilator  
  191  12:30  Stargate  
  191  12:33  Stargate  
  191  12:35  Stargate  
  191  12:49  Nexus  
  191  12:50  Pylon  
  189  12:58  Protoss Air Armor Level 1 (Chrono Boost)  
  189  13:03  Protoss Air Weapons Level 2 (Chrono Boost)  
  195  13:12  Carrier (Chrono Boost)  
  195  13:15  Protoss Shields Level 1 (Chrono Boost)  
  195  13:17  Carrier (Chrono Boost)  
  197  13:30  Protoss Ground Armor Level 3 (Chrono Boost)  
  193  14:05  Carrier x2 (Chrono Boost)  
  193  14:09  Carrier (Chrono Boost)  
  179  14:11  Carrier (Chrono Boost)  
  161  14:19  Stalker x4  
  161  14:20  Zealot x4  
  161  14:21  Zealot x4  
  177  14:38  Shield Battery  
  177  15:02  Carrier x2  
  177  15:06  Carrier  
  188  15:15  Carrier, Photon Cannon, Protoss Air Armor Level 2 (Chrono Boost)  
  188  15:17  Photon Cannon  
  188  15:19  Photon Cannon  
  170  15:32  Protoss Air Weapons Level 3 (Chrono Boost)  
  143  15:40  Stalker x4  
  143  15:41  Zealot x4, Stalker x2  
  143  15:42  Zealot x2  
  152  15:47  Probe x2  
  152  15:48  Probe x2  
  101  16:21  Nexus  
  101  16:22  Pylon  
  101  16:26  Sentry x2  
  101  16:31  Stalker x6  
  101  16:32  Templar Archives  
  116  16:41  Stalker  
  116  16:42  Stalker x2  
  116  17:11  Nexus  
  122  17:18  Pylon  
  112  17:37  Nexus, High Templar x3  
  112  17:38  High Templar  
  112  17:40  High Templar  
  112  17:41  High Templar  
  112  17:43  Archon x2  
  124  17:44  Archon  
  124  17:51  Stalker x2  
  68  18:28  Stalker x6  
  76  18:45  Stalker x4  
  84  18:55  Dark Templar  
  86  18:56  Pylon  
  86  19:04  Assimilator  
  86  19:06  Assimilator  
  86  19:15  Zealot  
  87  19:23  Stalker  
  87  19:24  Stalker x3  
  93  19:37  Zealot x6  
  111  19:54  Disruptor  
  111  19:55  Disruptor  
  113  20:14  Zealot x8  
  122  20:22  Zealot x2  
  106  20:33  Zealot x2  
  88  20:38  Dark Templar, Zealot x2  
  82  20:44  Zealot  
  54  21:01  Disruptor (Chrono Boost)  
  54  21:02  High Templar x4  
  58  21:07  Archon x2  
  56  21:18  High Templar  
  56  21:19  High Templar  
Show
View Real Time Build Order
Export as new Build Order

Cure Terran - Winner!

Build Orders: Reaper Expand 

Get SALT Encoding   

  12  0:00  SCV  
  13  0:12  SCV  
  14  0:16  Supply Depot  
  14  0:24  SCV  
  15  0:38  SCV  
  15  0:39  Barracks  
  15  0:42  Refinery  
  16  0:50  SCV  
  17  1:02  SCV  
  18  1:14  SCV  
  19  1:26  Orbital Command, Reaper  
  20  1:39  Command Center  
  20  1:49  Supply Depot  
  20  1:52  SCV  
  21  1:58  Marine  
  22  2:04  SCV  
  22  2:06  Factory  
  23  2:11  Refinery  
  23  2:16  SCV  
  23  2:18  Barracks Reactor  
  24  2:28  SCV  
  25  2:40  SCV  
  26  2:50  Hellion  
  28  2:51  Orbital Command, Starport  
  28  2:53  SCV  
  28  2:55  Marine x2  
  31  3:05  SCV  
  32  3:09  Barracks  
  32  3:11  Widow Mine  
  34  3:16  Marine  
  34  3:17  SCV, Marine  
  34  3:18  SCV  
  38  3:27  Supply Depot  
  38  3:29  Medivac  
  38  3:32  SCV  
  38  3:33  SCV, Widow Mine  
  44  3:39  Marine x2  
  46  3:44  Barracks  
  46  3:49  SCV x2  
  46  3:52  Supply Depot  
  48  3:56  Bunker  
  48  4:01  Barracks Tech Lab, SCV x2  
  50  4:07  Factory Tech Lab  
  50  4:10  Marine  
  50  4:11  Engineering Bay  
  50  4:12  Marine  
  50  4:16  SCV  
  53  4:17  SCV  
  53  4:20  Marine  
  53  4:21  Stimpack  
  55  4:28  SCV  
  55  4:29  SCV  
  57  4:31  Supply Depot  
  57  4:36  Terran Infantry Weapons Level 1  
  57  4:37  Refinery  
  57  4:41  SCV  
  57  4:42  SCV  
  57  4:43  Marauder  
  61  4:47  Starport Reactor  
  61  4:48  Factory Reactor, Marine  
  62  4:53  Marauder, Marine  
  62  4:56  SCV x2  
  62  4:57  Combat Shield, Supply Depot  
  67  5:08  SCV x2  
  67  5:12  Marauder  
  70  5:14  Marine x2  
  70  5:15  Refinery  
  70  5:18  Supply Depot  
  70  5:19  Marauder  
  70  5:22  SCV x2  
  70  5:25  Medivac  
  70  5:26  Medivac  
  70  5:28  Supply Depot  
  76  5:31  Widow Mine  
  78  5:38  Supply Depot x2  
  78  5:40  Marine, Marauder x2, Widow Mine  
  78  5:42  Marine  
  86  5:49  SCV x2  
  88  5:55  Medivac  
  90  5:57  Medivac  
  90  6:01  Marauder, Marine x2  
  95  6:05  Concussive Shells  
  95  6:07  Marauder  
  95  6:08  Supply Depot  
  97  6:19  Command Center  
  97  6:20  Marine x2  
  99  6:28  SCV x2  
  99  6:29  Marauder x2  
  99  6:31  Medivac x2  
  109  6:36  Missile Turret  
  109  6:38  Supply Depot, Marine x2  
  109  6:39  Terran Infantry Armor Level 1  
  111  6:43  Widow Mine x2  
  115  6:57  Barracks  
  115  6:59  Barracks  
  115  7:01  Marauder x2, Marine x2  
  115  7:03  SCV x2  
  111  7:12  Medivac x2  
  111  7:15  SCV x2  
  109  7:17  Widow Mine  
  109  7:18  Widow Mine  
  113  7:22  Marine  
  113  7:23  Marauder x2, Marine  
  113  7:27  SCV x2  
  119  7:32  Orbital Command  
  119  7:39  SCV x2  
  119  7:42  Armory  
  121  7:45  Engineering Bay  
  121  7:47  Marauder x2  
  125  7:52  Marine x2  
  125  7:56  Barracks Reactor, Barracks Tech Lab  
  125  7:57  Viking  
  129  8:04  Viking  
  131  8:06  SCV x2  
  131  8:11  SCV  
  134  8:14  Supply Depot x2  
  134  8:18  SCV  
  134  8:19  SCV  
  136  8:23  SCV  
  136  8:26  Marauder x2  
  141  8:31  Supply Depot  
  141  8:33  Marine x2  
  140  8:35  Marauder  
  140  8:41  Viking x2, Terran Infantry Armor Level 2  
  144  8:44  Terran Infantry Weapons Level 2  
  144  8:47  SCV x3  
  147  8:48  Refinery  
  147  8:49  Refinery  
  147  8:51  Missile Turret  
  147  8:58  Supply Depot, Ghost Academy  
  131  9:18  Marauder, Marine x4  
  131  9:19  Viking x2, Marauder x2  
  131  9:21  Widow Mine x2  
  131  9:22  SCV  
  131  9:23  SCV x2  
  152  9:26  Terran Ship Weapons Level 1  
  149  9:35  SCV x2  
  147  9:40  Ghost x3  
  147  9:44  Marine x4  
  156  9:55  Command Center  
  156  9:56  Viking  
  158  10:00  Viking  
  158  10:08  Marine x4  
  158  10:10  Ghost x2  
  158  10:13  Ghost  
  168  10:14  Widow Mine  
  168  10:16  Widow Mine  
  170  10:23  Supply Depot x2  
  170  10:27  Missile Turret x2  
  170  10:28  Supply Depot  
  170  10:31  Viking  
  170  10:35  Marine  
  173  10:38  Missile Turret  
  173  10:39  Missile Turret  
  173  10:41  Marine  
  172  10:45  Viking, Marine x2, Marauder x2, Widow Mine x2  
  172  10:46  Marauder  
  186  10:50  Missile Turret  
  186  10:55  Marine  
  187  10:59  Marine  
  187  11:00  Terran Infantry Armor Level 3  
  187  11:03  Marine x2  
  190  11:05  Terran Infantry Weapons Level 3  
  190  11:06  Marauder  
  188  11:14  Viking  
  188  11:18  Ghost x2  
  189  11:19  Marine x2  
  189  11:21  Marine  
  196  11:28  Marauder  
  167  11:41  Marine x4  
  167  11:45  Widow Mine x2  
  173  11:47  Marauder x2  
  173  11:49  Marauder  
  173  11:52  Medivac x2  
  173  12:07  Marine x4  
  173  12:08  Planetary Fortress, Widow Mine x2  
  170  12:09  Marauder x2  
  170  12:11  Marauder  
  170  12:14  Barracks x2  
  170  12:15  Missile Turret  
  176  12:20  Barracks  
  176  12:29  Widow Mine x2  
  180  12:34  Missile Turret  
  180  12:36  Viking x2  
  184  12:42  Starport  
  184  12:44  Ghost  
  185  12:57  Marine x4  
  193  12:58  Widow Mine x2  
  193  13:06  Barracks Tech Lab x2  
  193  13:10  Command Center  
  193  13:12  Barracks Reactor  
  190  13:31  Marauder, Marine x2  
  190  13:32  Terran Ship Weapons Level 2, Marauder  
  196  13:35  Starport Reactor  
  172  14:12  Marauder x2, Marine x6  
  172  14:13  Marine, Marauder x2  
  163  14:19  Liberator x2, Widow Mine x2  
  170  14:30  Marine x6  
  178  14:31  Marauder  
  178  14:32  SCV x3  
  178  14:33  Marine, SCV  
  178  14:34  Ghost, Marauder x2  
  178  14:37  Medivac x2  
  193  14:41  Missile Turret  
  193  14:47  Marine x2  
  193  14:52  Marauder  
  195  14:56  Ghost  
  195  14:57  Marine x4  
  195  14:58  Planetary Fortress, Marauder x2  
  199  15:03  Marine  
  200  15:07  Fusion Core  
  181  15:39  Ghost x2  
  181  15:40  Marauder, Marine x6  
  181  15:41  Marauder x2  
  181  15:58  Marine x2  
  181  16:01  Ghost  
  181  16:02  Viking x4, Marauder  
  177  16:08  Marauder  
  177  16:09  Marauder  
  177  16:10  Ghost  
  177  16:11  Marine x4  
  174  16:16  Marine  
  174  16:17  Terran Ship Weapons Level 3  
  174  16:18  Starport  
  176  16:22  Ghost  
  178  16:30  Marauder x2  
  178  16:32  Viking x3  
  181  16:40  Viking  
  179  16:50  Marine x2  
  179  16:51  Marauder x3, Marine x4  
  171  16:59  Viking x2  
  153  17:02  Viking x2  
  153  17:04  Ghost, Marine  
  153  17:08  Viking, Marine  
  160  17:13  Orbital Command  
  155  17:16  Viking  
  154  17:31  Viking x2  
  158  17:40  SCV  
  158  17:41  SCV x2  
  158  17:42  Missile Turret  
  161  17:46  Refinery  
  161  17:47  Ghost, Refinery  
  163  17:53  SCV  
  163  17:57  Refinery  
  136  18:14  Ghost, Marine x4  
  136  18:15  Marine x2, Marauder x2  
  136  18:16  Marauder, Marine  
  112  18:26  Orbital Command  
  97  18:31  Viking  
  97  18:32  Marine x4  
  97  18:33  Marine x2  
  101  18:34  Marauder  
  101  18:38  Viking  
  101  18:46  Viking  
  103  18:48  Marine x4  
  103  18:50  Marine  
  110  18:55  Marauder  
  110  18:57  Medivac  
  112  19:07  Marauder  
  114  19:13  Medivac  
  116  19:17  Ghost  
  116  19:18  Marine x6  
  116  19:20  Marine x3  
  125  19:27  Marine  
  125  19:28  SCV x2  
  126  19:31  Medivac  
  126  19:33  Orbital Command  
  126  19:36  Marine x4  
  126  19:38  Viking, Marauder  
  136  19:39  Marauder  
  136  19:40  Marauder, Marine x2  
  136  19:42  SCV x2  
  136  19:43  Missile Turret  
  144  19:52  Marauder, Marine  
  147  19:54  Marine x3  
  147  19:57  SCV x2  
  154  20:00  Marauder  
  154  20:01  Marauder, SCV  
  155  20:09  Marauder, Marine x4  
  155  20:14  Marauder  
  149  20:23  Marine x3  
  149  20:24  Marauder x2  
  149  20:27  Marine  
  134  20:32  Marauder, Marine x2  
  134  20:33  Marauder  
  125  20:38  Marauder  
  125  20:41  Marine  
  122  20:49  Marauder, Marine x2  
  113  20:50  Orbital Command  
  108  21:00  Marine x2  
  108  21:01  Marauder  
Tags
 
Add a new tag
Caveats
  • Supply blocks, unpowered buildings, or Contaminate may cause inaccurate times.
  • Supply counts are checked every 10 seconds.